 Dungeon Crawl Stone Soup version 0.19-a0-291-ga637243 (webtiles) character file.

385 mistymad the Ruffian (level 6, -2/62 HPs)
             Began as a Troll Monk on May 27, 2016.
             Slain by a gnoll
             ... wielding a +0 spear
              (11 damage)
             ... on level 4 of the Dungeon.
             The game lasted 00:02:59 (1042 turns).

mistymad the Ruffian (Troll Monk)                   Turns: 1042, Time: 00:03:00

Health: -2/62      AC:  6    Str: 21    XL:     6   Next: 48%
Magic:  5/5        EV: 11    Int:  6    God:
Gold:   148        SH:  0    Dex: 13    Spells: 0 memorised, 5 levels left

rFire  . . .     SeeInvis .       - Unarmed
rCold  . . .     Gourm    +     a - +0 robe
rNeg   . . .     Faith    .     (no shield)
rPois  .         Spirit   .     (helmet restricted)
rElec  .         Dismiss  .     g - +0 cloak
rCorr  .         Reflect  .     (gloves unavailable)
SustAt .         Harm     .     (boots unavailable)
MR     .....                    (no amulet)
Stlth  +.........               (no ring)
                                (no ring)

@: not resistant to hostile enchantments, very unstealthy
A: unfitting armour, claws 3, fast metabolism 3, gourmand, regeneration 2,
shaggy fur 1, tough skin 2
a: no special abilities


You were on level 4 of the Dungeon.
You were completely stuffed.

You visited 1 branch of the dungeon, and saw 3 of its levels.

You collected 148 gold pieces.

Inventory:

Armour
 a - a +0 robe (worn)
 g - a +0 cloak (worn)
Scrolls
 c - a scroll of identify {unknown}
 e - 2 scrolls of teleportation {unknown}
 f - a scroll of immolation {unknown}
 k - a scroll of magic mapping {unknown}
 l - 2 scrolls of noise {unknown}
Potions
 d - a potion of curing {unknown}
 i - a potion of might {unknown}
Comestibles
 b - 5 bread rations
 h - 2 meat rations
 j - 7 chunks of flesh


   Skills:
 + Level 4.0 Fighting
 + Level 4.1 Dodging
 - Level 1.1 Stealth
 + Level 5.5 Unarmed Combat


You had 5 spell levels left.
You didn't know any spells.

Dungeon Overview and Level Annotations

Branches:
Dungeon (2/15)

Altars:


Innate Abilities, Weirdness & Mutations

You are too large for most types of armour.
You have claws for hands.
Your metabolism is lightning-fast.
You like to eat raw meat.
You heal very quickly.
You are covered in fur. (AC +1)
You have very tough skin. (AC +2)


Message History

You mangle the gnoll!!
You kill the gnoll!
Your Fighting skill increases to level 4!
The gnoll hits you from afar with a spear.
You scratch the gnoll.
The gnoll is heavily wounded.
The gnoll misses you.
The gnoll hits you from afar with a spear!
* * * LOW HITPOINT WARNING * * *
You take 9 damage, and have 13/62 hp.
You scratch the gnoll.
The gnoll is heavily wounded.
The gnoll hits you.
* * * LOW HITPOINT WARNING * * *
You take 5 damage, and have 8/62 hp.
You claw the gnoll!
You kill the gnoll!
The gnoll hits you but does no damage. The gnoll hits you with a spear!
You die...

......[.......#.......##
..............#.......#
..............#.......#
........(.............#
...............########
.................##
..............##..## #
..#...........###g.####.##
########.......†@g........
#..#.#######...##.#
####.##.## ####.....#
#..))##..# ##g....##..#
#.<.######.###..####.....
#.# #..ggg%## .###. ..
#.#.#### # ...#..##
#.####$g####...


You could see 2 gnolls.

Vanquished Creatures
  The ghost of namelastname112 the Sneak, a novice HaAs of Ukayaw (D:4)
  An orc priest (D:4)
  A worker ant (D:4)
  2 gnolls (D:4)
  2 adders (D:2)
  2 worms (D:2)
  3 orcs (D:4)
  5 goblins (D:1)
  3 hobgoblins
  3 jackals (D:2)
  2 kobolds
  A quokka (D:4)
  2 ball pythons
  2 bats
  A giant newt (D:2)
  A rat (D:2)
32 creatures vanquished.

Notes
Turn   | Place    | Note
--------------------------------------------------------------
     0 | D:1      | mistymad the Troll Monk began the quest for the Orb.
     0 | D:1      | Reached XP level 1. HP: 22/22 MP: 0/0
   428 | D:1      | Reached XP level 2. HP: 29/29 MP: 1/1
   735 | D:2      | Reached XP level 3. HP: 36/36 MP: 2/2
   885 | D:2      | You fall through a shaft for 2 floors!
   903 | D:4      | Reached XP level 4. HP: 32/45 MP: 3/3
   935 | D:4      | Got a spiked ring mail
   988 | D:4      | Noticed namelastname112's ghost (novice HaAs)
  1034 | D:4      | Killed namelastname112's ghost
  1034 | D:4      | Reached skill level 5 in Unarmed Combat
  1034 | D:4      | Reached XP level 5. HP: 19/54 MP: 4/4
  1034 | D:4      | Reached XP level 6. HP: 22/62 MP: 5/5
  1042 | D:4      | Slain by a gnoll

Vault maps used:
D:1:      matt_arrival_grand_opening
D:4:      gammafunk_temple_overflow_pools, minmay_temple_entry_enclosed_plants,
          first_bread

Skill      XL: |  1  2  3  4  5  6 |
---------------+-------------------+-----
Dodging        | 3 4 |  4.1
Fighting       | 3 4 |  4.0
Unarmed Combat | 5 |  5.5
Stealth        | |  1.1

Action                   |  1- 3 |  4- 6 || total
-------------------------+-------+-------++-------
Melee: Unarmed           |    57 |    45 ||   102
       Punch             |     1 |     1 ||     2
  Eat: Chunk             |    14 |     1 ||    15
Armor: Robe              |    20 |    17 ||    37
Dodge: Dodged            |    26 |    32 ||    58
